 Dungeon Crawl Stone Soup version 0.31-a0-188-g5e087ee2ca (webtiles) character file.

Game seed: 10253411285074252463

39 qw the Shooter (level 3, -7/20 HPs)
             Began as a Deep Elf Hunter on June 23, 2023.
             Mangled by Sigmund
             ... wielding a +0 scythe
              (10 damage)
             ... on level 2 of the Dungeon.
             The game lasted 00:00:25 (789 turns).

qw the Shooter (Deep Elf Hunter)                     Turns: 789, Time: 00:00:25

Health: -7/20      AC:  6    Str: 10    XL:     3   Next: 26%
Magic:  5/5        EV: 11    Int: 13    God:
Gold:   68         SH:  0    Dex: 18    Spells: 2/2 levels left

rFire   + . .        Y - +1 shortbow
rCold   . . .        (shield currently unavailable)
rNeg    . . .        i - +0 ring mail
rPois   .            (no helmet)
rElec   .            (no cloak)
rCorr   .            h - +0 pair of gloves
SInv    .            (no boots)
Will    .....        (no amulet) Stlth
                     l - ring of protection from fire
HPRegen 0.23/turn    (no ring)
MPRegen 0.09/turn

%: no passive effects
@: confused
A: no striking features
a: no special abilities


You were on level 2 of the Dungeon.
You visited 1 branch of the dungeon, and saw 2 of its levels.

You collected 68 gold pieces.


   Skills:
 - Level 1.5 Fighting
 + Level 6.8 Ranged Weapons
 - Level 2.4 Dodging
 - Level 1.2 Stealth


You had 2 spell levels left.
You didn't know any spells.
Your spell library was empty.

Inventory:

Hand Weapons
 Y - a +1 shortbow (weapon)
Armour
 h - a +0 pair of gloves (worn)
 i - a +0 ring mail (worn)
Jewellery
 l - a ring of protection from fire (left hand)
Potions
 d - a potion of degeneration {unknown}
 f - a potion of haste {unknown}
 m - a potion of curing {unknown}

Dungeon Overview and Level Annotations

Branches:
Dungeon (2/15)

Altars:

Annotations:
D:2 Sigmund


Message History

You shoot an arrow. The arrow hits the goblin!
You kill the goblin!
You now have 68 gold pieces (gained 11).
Found a scroll of butterflies.
You see here a scroll of butterflies.
Found a faded altar of an unknown god.
Sigmund the Dreaded comes into view.
He is wielding a +0 scythe.
Sigmund shouts!
You shoot an arrow. The arrow hits Sigmund!
Sigmund is moderately wounded.
Sigmund casts a spell.
Sigmund flickers and vanishes!
Deactivating autopickup; reactivate with Ctrl-A.
You shoot an arrow.
You hear some strange, mumbled words.
Something tries to affect you, but you resist.
You shoot an arrow. Something hits you!
You shoot an arrow.
A magic dart appears from out of thin air!
The magic dart hits you but does no damage.
You shoot an arrow. Something hits you!
Ouch! That really hurt!
You shoot an arrow. Something hits you.
You shoot an arrow. Something hits you but does no damage.
You shoot an arrow. Something hits you but does no damage.
You shoot an arrow. You shoot an arrow.
You hear some strange, mumbled words.
You are confused.
You shoot an arrow. Something hits you but does no damage.
You shoot an arrow. Something hits you!
Ouch! That really hurt!
You die...

## .. .g .. #### gg
..# ~.
############.## ~~
#...........@.# ~
#.#..?......#.#
#.###P###.###{#
#####.#..P......#.#
#.....#.#.#.#.#.#.#
..#...#..P......#.#
..##..# #.###.###.#
..###.#..PP_...P .#
..# #.###P###P##


There were no monsters in sight!

Vanquished Creatures
  7 bats (D:1)
  An endoplasm (D:1)
  A giant cockroach (D:1)
  5 goblins
  4 hobgoblins
  6 jackals (D:1)
  2 kobolds (D:1)
  A quokka (D:1)
  4 ball pythons (D:1)
  A frilled lizard (D:1)
  2 rats
34 creatures vanquished.

Notes
Turn   | Place    | Note
-------+----------+-------------------------------------------
     0 | D:1      | qw the Deep Elf Hunter began the quest for the Orb.
     0 | D:1      | Reached XP level 1. HP: 12/12 MP: 3/3
     0 | D:1      | 0 ||| qw: Version: 0.3-a-9-g12657ce
     0 | D:1      | 0 ||| qw: Game counter: 4399
     0 | D:1      | 0 ||| qw: Always use a shield: true
     0 | D:1      | 0 ||| qw: God list: Okawaru
     0 | D:1      | 0 ||| qw: Allow faded altars: false
     0 | D:1      | 0 ||| qw: Do Orc after D:15 true
     0 | D:1      | 0 ||| qw: Do second Lair branch before Depths: true
     0 | D:1      | 0 ||| qw: Lair rune preference: random
     0 | D:1      | 0 ||| qw: Plans: Normal
     0 | D:1      | 0 ||| PLANNING D:1-11
   158 | D:1      | Reached skill level 6 in Ranged Weapons
   158 | D:1      | Reached XP level 2. HP: 16/16 MP: 4/4
   414 | D:1      | HP: 4/16 [giant cockroach (2)]
   421 | D:1      | Reached XP level 3. HP: 4/20 MP: 5/5
   643 | D:1      | 643 ||| UPGRADING to +0 pair of gloves.
   648 | D:1      | 648 ||| UPGRADING to +0 ring mail.
   658 | D:1      | 658 ||| DROPPING +0 leather armour.
   659 | D:1      | 659 ||| UPGRADING to ring of protection from fire.
   660 | D:1      | 660 ||| READING scroll labelled ERASKE VIEPTA.
   661 | D:1      | 661 ||| READING 2 scrolls labelled HUNAXUGEADA.
   662 | D:1      | 662 ||| READING scroll labelled QUNERI WASE.
   663 | D:1      | 663 ||| READING scroll labelled LET EZIUCRIBI.
   664 | D:1      | 664 ||| DROPPING scroll of butterflies.
   665 | D:1      | 665 ||| DROPPING scroll of vulnerability.
   712 | D:2      | 712 ||| FLEEEEING.
   717 | D:2      | 717 ||| STAIRDANCE
   772 | D:2      | Found a faded altar of an unknown god.
   777 | D:2      | Noticed Sigmund
   782 | D:2      | HP: 3/20 [something (10)]
   789 | D:2      | Mangled by Sigmund

Levels and vault maps discovered:
D:1:      matt_arrival_refuge, layout_rooms, serial_corexii_hall,
          corexii_hall_statues_l, corexii_hall_statues_x,
          chequers_hall_statues_corner_a, minmay_tall_x
D:2:      minmay_evil_eye, layout_loops_ring,
          shapermc_ecumenical_altar_mp_urbaneastern, minmay_goblin_outpost,
          uniq_sigmund

Skill      XL: |  1 |
---------------+----+-----
Ranged Weapons | 6 |  6.8
Fighting       | |  1.5
Dodging        | |  2.4
Stealth        | |  1.2

Action                     || total
---------------------------++-------
   Fire: Shortbow          ||   100
    Use: Scroll            ||     4
 Armour: Leather armour    ||    23
         Ring mail         ||     8
  Dodge: Dodged            ||    30

Table legend:
 A = Non-vault XP
 B = Vault XP
 C = Vault XP percentage of total XP
 D = Non-vault monster count
 E = Vault monster count
 F = Vault count percentage of total count
                 A         B        C        D         E       F
            +---------+---------+-------+---------+---------+-------
      Total |      42 |      14 |  25.0 |      26 |       8 |  23.5
            +---------+---------+-------+---------+---------+-------
        D:1 |      41 |       6 |  12.8 |      25 |       4 |  13.8
        D:2 |       1 |       8 |  88.9 |       1 |       4 |  80.0
            +---------+---------+-------+---------+---------+-------
